Map: Kairos Junction LE

Players

Eiger

  • Race: Protoss Protoss
  • League: Master
  • Spawn Location: 11:00

Mez - Winner!

  • Race: Terran Terran
  • League: Master
  • Spawn Location: 5:00

VOD

Have the link to the VOD?

Description

Time

  • Played on: Aug. 6, 2019, 8:38 a.m.
  • Length: 12:14
Show
View Real Time Build Order
Export as new Build Order

Eiger Protoss 

Build Orders: 1 Gate Expand, Oracle Opening, Phoenix Opening 

Get SALT Encoding   

  12  0:00  Probe  
  13  0:12  Probe  
  14  0:19  Pylon  
  14  0:24  Probe  
  15  0:33  Probe  
  15  0:39  Gateway  
  15  0:41  Probe  
  16  0:49  Assimilator  
  17  0:51  Probe  
  18  1:03  Probe  
  19  1:16  Probe  
  20  1:25  Nexus  
  20  1:35  Cybernetics Core  
  20  1:37  Probe  
  21  1:49  Probe  
  21  1:54  Pylon  
  22  1:57  Assimilator  
  22  2:01  Probe  
  22  2:04  Adept  
  25  2:18  Probe  
  26  2:30  Probe, Stargate  
  26  2:35  Adept  
  26  2:44  Probe  
  26  2:45  Warp Gate  
  26  2:48  Probe  
  30  2:56  Probe  
  30  2:57  Probe  
  31  3:04  Oracle  
  31  3:05  Probe  
  32  3:08  Probe  
  34  3:16  Probe  
  38  3:20  Probe  
  39  3:28  Probe  
  39  3:30  Gateway  
  39  3:31  Gateway  
  39  3:32  Probe  
  39  3:33  Pylon  
  41  3:40  Probe  
  42  3:43  Phoenix  
  42  3:44  Probe  
  45  3:53  Probe  
  46  3:57  Probe, Gateway  
  46  4:02  Pylon  
  47  4:18  Robotics Facility  
  47  4:23  Adept  
  49  4:35  Probe  
  49  4:37  Pylon  
  47  4:39  Gateway  
  47  4:46  Probe, Twilight Council  
  47  4:47  Nexus  
  47  4:49  Phoenix  
  47  4:52  Pylon  
  50  4:54  Probe  
  50  4:57  Adept  
  53  5:01  Probe  
  53  5:05  Immortal, Stalker  
  56  5:10  Probe  
  54  5:21  Adept  
  54  5:22  Adept  
  54  5:28  Zealot  
  57  5:34  Adept  
  53  5:48  Probe x2  
  54  5:50  Warp Prism  
  55  5:59  Probe  
  55  6:00  Probe x2  
  55  6:03  Assimilator  
  58  6:11  Probe  
  58  6:12  Charge  
  58  6:13  Probe  
  60  6:20  Probe  
  60  6:24  Probe  
  62  6:26  Immortal  
  62  6:29  Assimilator  
  66  6:33  Pylon  
  66  6:36  Adept  
  68  6:43  Probe  
  68  6:45  Probe  
  70  6:49  Zealot x4, Pylon  
  70  6:53  Forge  
  78  6:55  Phoenix  
  78  6:56  Probe  
  78  6:58  Probe  
  82  7:07  Robotics Bay  
  82  7:15  Probe  
  83  7:21  Probe  
  84  7:24  Immortal, Assimilator  
  84  7:25  Protoss Ground Weapons Level 1  
  84  7:28  Gateway  
  84  7:30  Gateway  
  84  7:33  Probe  
  89  7:40  Zealot x3  
  89  7:43  Gateway  
  95  7:48  Pylon  
  95  7:52  Templar Archives  
  95  7:55  Robotics Facility  
  95  8:02  Probe  
  95  8:03  Colossus  
  96  8:12  Probe  
  97  8:16  Stalker x2  
  97  8:18  Probe  
  108  8:20  Probe  
  108  8:25  Assimilator  
  109  8:27  Pylon  
  109  8:29  Pylon  
  109  8:31  Pylon  
  109  8:35  Colossus  
  109  8:42  Pylon  
  109  8:45  Probe x2  
  109  8:47  Phoenix  
  119  8:55  Psionic Storm  
  119  8:58  Probe  
  120  9:06  High Templar  
  122  9:13  High Templar  
  124  9:18  Nexus  
  124  9:26  Probe  
  124  9:28  High Templar  
  124  9:29  Zealot x5, Probe  
  136  9:37  Gateway  
  136  9:40  Gateway  
  136  9:41  High Templar  
  136  9:45  High Templar  
  140  9:49  Archon  
  140  9:54  Pylon  
  140  9:56  Pylon  
  140  10:09  Forge, Nexus  
  140  10:11  Pylon  
  140  10:13  Immortal  
  144  10:16  Pylon  
  144  10:28  High Templar x3  
  148  10:30  Zealot x2  
  148  10:32  Archon, Zealot  
  148  10:33  Zealot  
  158  10:35  Pylon  
  158  10:42  Colossus  
  158  10:46  Colossus  
  136  10:55  Probe  
  121  11:02  Zealot x7  
  109  11:04  High Templar  
  107  11:18  High Templar  
  109  11:19  Zealot  
  109  11:24  Zealot x5  
  121  11:31  Zealot x2  
  125  11:34  Observer  
  126  11:41  High Templar, Zealot  
  130  11:53  Zealot x7  
  130  11:54  Probe  
  113  12:04  Archon  
  113  12:05  Zealot x2  
Show
View Real Time Build Order
Export as new Build Order

Mez Terran - Winner!

Build Orders: Reaper Expand 

Get SALT Encoding   

  12  0:00  SCV  
  13  0:13  SCV  
  14  0:17  Supply Depot  
  14  0:25  SCV  
  15  0:39  SCV  
  15  0:40  Barracks  
  16  0:47  Refinery  
  16  0:51  SCV  
  17  1:03  SCV  
  17  1:16  SCV  
  18  1:33  Orbital Command  
  18  1:34  Reaper  
  19  1:44  Command Center  
  19  1:55  Supply Depot  
  19  2:00  SCV  
  20  2:07  Barracks Reactor  
  20  2:12  SCV  
  21  2:22  Barracks  
  21  2:25  Barracks  
  21  2:28  SCV  
  22  2:41  SCV  
  23  2:45  Marine x2  
  25  2:55  SCV  
  26  2:59  Orbital Command  
  26  3:12  SCV  
  27  3:13  Marine x2, Barracks Tech Lab  
  27  3:14  Marine  
  29  3:29  SCV x2  
  29  3:31  Marine x2  
  29  3:32  Concussive Shells, Marine  
  29  3:33  Marauder  
  36  3:44  SCV x2  
  38  3:49  Command Center  
  38  3:54  Marine x2  
  38  3:55  Marine  
  41  3:56  Marauder  
  41  3:58  SCV x2  
  45  4:10  SCV  
  45  4:11  SCV  
  46  4:22  Marine  
  46  4:23  Marine  
  46  4:25  Marine  
  46  4:27  Marine  
  46  4:28  Factory  
  45  4:38  Engineering Bay  
  44  4:39  Refinery x2  
  44  4:40  Stimpack  
  44  4:45  SCV  
  44  4:46  SCV  
  46  4:53  Supply Depot  
  46  4:54  Supply Depot  
  46  5:01  Marine x2  
  46  5:02  SCV x2  
  48  5:14  SCV x2  
  48  5:16  Missile Turret  
  48  5:17  Missile Turret, Orbital Command  
  49  5:33  SCV x2  
  49  5:34  Marine x4  
  55  5:41  Bunker  
  49  5:46  Starport  
  49  5:48  Factory Reactor  
  43  5:53  SCV x2  
  45  5:58  Terran Infantry Weapons Level 1  
  45  5:59  Barracks Tech Lab  
  45  6:05  SCV x2  
  45  6:08  Marine x3  
  50  6:17  SCV x2  
  51  6:20  Combat Shield, Marauder  
  51  6:24  SCV  
  54  6:29  SCV x2  
  56  6:35  Medivac  
  56  6:36  Medivac  
  56  6:37  Marauder  
  56  6:39  Marine x2  
  64  6:41  SCV x2, Orbital Command  
  64  6:47  Supply Depot x2  
  66  6:53  SCV  
  67  6:54  SCV, Barracks x2  
  67  6:58  Refinery  
  67  7:00  Marauder  
  70  7:01  Marine x2  
  70  7:04  Marauder  
  74  7:09  SCV  
  74  7:10  SCV  
  74  7:14  Viking x2  
  80  7:24  Marine x2, Marauder  
  80  7:27  SCV x3  
  87  7:40  SCV, Marauder  
  87  7:41  SCV  
  87  7:42  Barracks Reactor, Marine x2, Barracks Tech Lab  
  93  7:47  Supply Depot x2  
  93  7:55  SCV x2, Marauder, Medivac x2  
  93  7:57  SCV  
  102  8:03  Missile Turret  
  102  8:07  SCV  
  102  8:10  Missile Turret, SCV x2  
  105  8:17  Marine, Marauder  
  105  8:18  Marine, Supply Depot  
  105  8:19  Supply Depot  
  109  8:23  Marine x2, Marauder  
  113  8:27  SCV x3  
  113  8:31  Supply Depot  
  113  8:32  Factory Reactor  
  116  8:36  Viking x2  
  116  8:39  SCV  
  121  8:41  SCV  
  121  8:42  SCV  
  121  8:44  Missile Turret  
  123  8:49  Bunker  
  123  8:51  Marine x3, Marauder x3  
  123  8:53  Marine  
  123  8:54  SCV  
  123  8:55  SCV  
  135  8:56  SCV  
  135  9:02  Supply Depot  
  136  9:04  Supply Depot  
  136  9:10  Refinery  
  136  9:12  Starport  
  135  9:25  Marine x4, Marauder x3  
  144  9:31  Viking x2  
  148  9:41  SCV x2  
  148  9:42  Refinery, Marine  
  148  9:43  Marine  
  148  9:44  Supply Depot  
  152  9:47  Supply Depot  
  152  9:49  SCV  
  152  9:51  Viking x2, Ghost Academy  
  157  9:53  SCV x2  
  157  9:58  Terran Infantry Armor Level 1  
  159  10:00  Marine x3  
  159  10:01  Viking, Armory  
  159  10:02  Engineering Bay  
  164  10:11  Supply Depot  
  164  10:14  Medivac  
  164  10:22  Viking  
  164  10:23  Viking  
  166  10:30  Ghost  
  166  10:31  Viking, Ghost x2  
  174  10:41  Marine x3  
  177  10:49  Liberator x3  
  131  10:58  Marine  
  131  10:59  Ghost, Marine x2  
  131  11:00  Marauder x2  
  145  11:11  Command Center  
  145  11:15  Barracks  
  145  11:16  Marine x2, Barracks  
  145  11:17  Barracks  
  147  11:32  SCV x3  
  150  11:35  Supply Depot  
  150  11:44  SCV x3  
Tags
 
Add a new tag
Caveats
  • Supply blocks, unpowered buildings, or Contaminate may cause inaccurate times.
  • Supply counts are checked every 10 seconds.